 Dungeon Crawl Stone Soup version 0.28-a0-1152-g9c71ebef14 (webtiles) character file.

Game seed: 14103419953833838188

5530 Crownlay the Carver (level 10, -5/93 HPs)
             Began as a Minotaur Berserker on Dec 14, 2021.
             Was a Priest of Trog.
             Slain by a troll (17 damage)
             ... on level 8 of the Dungeon.
             The game lasted 00:23:11 (9142 turns).

Crownlay the Carver (Minotaur Berserker)            Turns: 9142, Time: 00:23:12

Health: -5/93      AC:  6    Str: 26    XL:     10   Next: 43%
Magic:  9/9        EV: 10    Int: 10    God:    Trog [***...]
Gold:   414        SH:  0    Dex: 10    Spells: 9/9 levels left

rFire   . . .      SeeInvis .   B - +0 long sword
rCold   . . .      Faith    +   (no shield)
rNeg    . . .      Spirit   .   g - +0 scale mail
rPois   .          Reflect  .   (helmet restricted)
rElec   .          Harm     .   t - scarf {shadows}
rCorr   .          Rampage  .   (no gloves)
Will    ++...                   (no boots)
Stlth   ..........              x - amulet of faith
HPRegen 1.25/turn               (no ring)
MPRegen 0.11/turn               a - +6 ring of intelligence

@: mighty, strong-willed, on berserk cooldown, regenerating, slowed, very slow
A: horns 2, retaliatory headbutt
a: Renounce Religion, Berserk, Trog's Hand


You were on level 8 of the Dungeon.
You worshipped Trog.
Trog was most pleased with you.
You visited 1 branch of the dungeon, and saw 9 of its levels.

You collected 414 gold pieces.

Inventory:

Hand Weapons
 B - a +0 long sword (weapon)
Missiles
 v - 19 poisoned darts (quivered)
Armour
 g - a +0 scale mail (worn)
 n - a +0 tower shield
 t - a scarf of shadows (worn)
Jewellery
 a - a +6 ring of intelligence (right hand)
 x - an amulet of faith (around neck)
 D - a ring of flight
Wands
 d - a wand of acid (7)
 w - a wand of flame (14)
 y - a wand of digging (6)
Scrolls
 c - a scroll of torment {unknown}
 e - a scroll of identify
 f - 3 scrolls of magic mapping
 h - a scroll of fear {unknown}
 k - 2 scrolls of blinking
 p - 5 scrolls of teleportation
 C - a scroll of holy word {unknown}
Potions
 b - 3 potions of curing {unknown}
 i - 3 potions of magic {unknown}
 j - a potion of flight {unknown}
 l - 2 potions of cancellation
 m - a potion of haste {unknown}
 o - 2 potions of mutation {unknown}
 q - a potion of brilliance {unknown}
 z - a potion of degeneration {unknown}
 A - 2 potions of berserk rage {unknown}


   Skills:
 - Level 10.0 Fighting
 - Level 14.0 Long Blades
 - Level 2.4 Armour
 - Level 2.1 Dodging
 + Level 8.7 Shields


You had 9 spell levels left.
You didn't know any spells.
Your spell library was empty.

Dungeon Overview and Level Annotations

Branches:
Dungeon (9/15)             Temple (0/1) D:4
   Lair: D:8-11         Orc: D:9-12

Altars:
Cheibriados
Elyvilon
Hepliaklqana
Nemelex Xobeh
Trog
Uskayaw
Yredelemnul

Shops:
D:7 :


Innate Abilities, Weirdness & Mutations

You have a pair of horns on your head.
You reflexively headbutt those who attack you in melee.


Message History

The shadow flickers and vanishes!
Deactivating autopickup; reactivate with Ctrl-A.
The troll bites you. The troll claws you! The troll claws you.
The centaur shoots an arrow.
The arrow hits you.
You are too berserk!
You feel a strong urge to attack something.
The shadow strikes at you from the darkness!
Reactivating autopickup.
The troll bites you! The troll claws you! The troll barely misses you.
The centaur shoots an arrow.
The arrow hits you!
You climb upwards.
There is a stone staircase leading down here.
You are too injured to fight recklessly!
You feel your anger nearly subside.
The shadow slips into darkness.
The shadow flickers and vanishes!
Deactivating autopickup; reactivate with Ctrl-A.
You are no longer berserk.
You are exhausted.
You feel yourself slow down.
The shadow strikes at you from the darkness!
* * * LOW HITPOINT WARNING * * *
Reactivating autopickup.
You slice the shadow!!
You destroy the shadow!
Trog accepts your kill. The troll bites you but does no damage.
The troll claws you.
* * * LOW HITPOINT WARNING * * *
The troll claws you.
* * * LOW HITPOINT WARNING * * *
You feel much better. The troll bites you.
* * * LOW HITPOINT WARNING * * *
The troll claws you!
* * * LOW HITPOINT WARNING * * *
The troll claws you but does no damage.
You feel very mighty all of a sudden. The troll barely misses you.
The troll closely misses you. The troll claws you.
* * * LOW HITPOINT WARNING * * *
The troll bites you!
You die...

##........#
##.............)....
#[........##
#.#.....######.....
##..........#
#......## ######
#.<.........#
#.>#..##
.........####
#..#### ..########
#..# .## ##.# ## #T#
# #@# # #.####
#.##.# ##....#
#.....# ##.....#
##......# #.......#
#.......# ###


You could see a troll.

Vanquished Creatures
  A troll (D:8)
  Prince Ribbit (D:6)
  Sigmund (D:2)
  A shadow (D:8)
  5 yaks (D:8)
  Edmund (D:6)
  A water moccasin (D:6)
  Pargi (D:3)
  2 ice beasts (D:7)
  3 black bears (D:6)
  2 orc warriors
  A necrophage (D:5)
  A hornet zombie (D:6)
  A sky beast (D:7)
  4 ogres
  2 phantoms
  2 bullfrogs
  6 scorpions (D:5)
  A wyvern skeleton (D:6)
  6 killer bees
  14 wights
  A howler monkey (D:6)
  2 bullfrog zombies
  2 centaur zombies (D:6)
  5 hounds
  An iron imp (D:4)
  3 jellies
  2 centaur skeletons
  2 scorpion zombies (D:5)
  2 bullfrog skeletons (D:6)
  An iguana (D:5)
  5 orc wizards
  A hound zombie (D:5)
  3 howler monkey zombies
  A howler monkey skeleton (D:7)
  8 adders
  4 gnolls (D:4)
  A shadow imp (D:6)
  3 white imps
  3 worms
  7 dart slugs
  19 orcs
  5 endoplasms
  4 giant cockroaches
  5 goblins
  11 hobgoblins
  7 jackals
  2 quokkas
  5 ball pythons
  7 bats
  A frilled lizard (D:2)
  3 kobolds
  2 rats (D:1)
185 creatures vanquished.

Notes
Turn   | Place    | Note
-------+----------+-------------------------------------------
     0 | D:1      | Crownlay the Minotaur Berserker began the quest for the
                  | Orb.
     0 | D:1      | Reached XP level 1. HP: 19/19 MP: 0/0
    31 | D:1      | Reached skill level 4 in Long Blades
   141 | D:1      | Reached XP level 2. HP: 25/26 MP: 1/1
   380 | D:1      | Found a faded altar of an unknown god.
   463 | D:1      | Reached skill level 5 in Long Blades
   582 | D:1      | Reached XP level 3. HP: 31/31 MP: 2/2
   632 | D:1      | Reached ** piety under Trog
  1099 | D:2      | Noticed Sigmund
  1334 | D:2      | Killed Sigmund
  1335 | D:2      | Reached skill level 7 in Long Blades
  1335 | D:2      | Reached XP level 4. HP: 39/39 MP: 3/3
  1335 | D:2      | Reached XP level 5. HP: 45/45 MP: 4/4
  2294 | D:3      | Reached skill level 8 in Long Blades
  2345 | D:3      | Reached XP level 6. HP: 48/51 MP: 5/5
  2628 | D:3      | Noticed Pargi
  2633 | D:3      | Killed Pargi
  2634 | D:3      | Reached skill level 9 in Long Blades
  3027 | D:4      | Reached XP level 7. HP: 57/57 MP: 6/6
  3063 | D:4      | Found a staircase to the Ecumenical Temple.
  3183 | D:4      | Found a snail-covered altar of Cheibriados.
  3221 | D:4      | Found a hide-covered altar of Uskayaw.
  3247 | D:4      | Reached skill level 10 in Long Blades
  3751 | D:4      | Reached *** piety under Trog
  3871 | D:4      | Found a sparkling altar of Nemelex Xobeh.
  4000 | D:5      | Entered Level 5 of the Dungeon
  4007 | D:5      | Reached skill level 11 in Long Blades
  4062 | D:5      | Found a basalt altar of Yredelemnul.
  4087 | D:5      | Reached XP level 8. HP: 55/64 MP: 7/7
  4232 | D:5      | Reached skill level 12 in Long Blades
  4716 | D:5      | Reached skill level 13 in Long Blades
  5253 | D:6      | Noticed Prince Ribbit
  5263 | D:6      | Killed Prince Ribbit
  5264 | D:6      | Reached skill level 14 in Long Blades
  5268 | D:6      | Reached skill level 1 in Shields
  5287 | D:6      | Reached XP level 9. HP: 71/71 MP: 8/8
  5297 | D:6      | Noticed Edmund
  5510 | D:6      | Killed Edmund
  5511 | D:6      | Reached skill level 5 in Fighting
  5954 | D:6      | Found a white marble altar of Elyvilon.
  6790 | D:7      | Reached skill level 5 in Shields
  6812 | D:7      | Found Ysikhlai's Book Shoppe.
  6911 | D:7      | Identified the +2 short sword "Death Rattle" {vorpal,
                  | Will++ Int+4}
  7001 | D:7      | Found a bloodstained altar of Trog.
  7303 | D:8      | Identified the +2 leather armour of Spite {Int+4}
  7574 | D:8      | Reached XP level 10. HP: 59/87 MP: 9/9
  7622 | D:8      | Reached skill level 10 in Fighting
  8474 | D:8      | Found a hazy altar of Hepliaklqana.
  9142 | D:8      | Slain by a troll

Illustrated notes

Levels and vault maps discovered:
D:1:      minmay_arrival_arboretum_small, layout_basic, basic_ecumenical_altar,
          minmay_hexomino_p4
D:2:      minmay_door_path, layout_basic, dk_noncrumbling_2, uniq_sigmund
D:3:      layout_basic, uniq_pargi
D:4:      layout_basic, mainiacjoe_overflow_six_doors_small,
          nemelex_altar_shiori, slow_altar_2, temple_statues, minmay_quantized
D:5:      minmay_razor_zed, layout_rooms, mainiacjoe_overflow_24_doors
D:6:      layout_basic, nicolae_elyvilon_peaceful_grove,
          amcnicky_mini_pool_small, uniq_prince_ribbit1, uniq_edmund
D:7:      nicolae_cairo_tiling, layout_basic, lemuel_tele_altar, serial_shops,
          nicolae_shop_temple_entry_statues_fountains, supply_closet_lemuel
D:8:      layout_cave_pods, marbit_many_paths
D:9:      layout_irregular_city, mainiacjoe_overflow_chevrons, serial_shops,
          nicolae_stop_n_shop_2, minmay_mirror_moons_of_madness

Skill      XL: |  1  2  3  4  5  6  7  8  9 10 |
---------------+-------------------------------+-----
Long Blades    | 4 5 7 8 9 11 14 | 14.0
Fighting       | 4 9 10 | 10.0
Shields        | 1 5 8 |  8.7
Armour         | |  2.4
Dodging        | |  2.1

Action                   |  1- 3 |  4- 6 |  7- 9 | 10-12 || total
-------------------------+-------+-------+-------+-------++-------
Melee: Falchion          |    57 |   108 |   322 |       ||   487
       Headbutt          |    12 |    15 |    75 |    11 ||   113
       Long sword        |       |       |     8 |    74 ||    82
Throw: Dart              |       |       |     8 |     2 ||    10
Invok: Trog's Hand       |     1 |     2 |     7 |     3 ||    13
       Berserk           |     1 |     1 |    10 |     4 ||    16
  Use: Scroll            |       |     2 |     3 |     1 ||     6
       Potion            |       |       |       |     4 ||     4
Armor: Animal skin       |    12 |       |       |       ||    12
       Scale mail        |     3 |    29 |    61 |    23 ||   116
Dodge: Dodged            |    49 |    63 |   201 |    57 ||   370

Table legend: (Time is in decaauts)
 A = Elapsed time spent in this place.
 B = Non-inter-level travel time spent in this place.
 C = Inter-level travel time spent in this place.
 D = Time resting spent in this place.
 E = Time spent auto-exploring this place.
 F = Levels seen in this place.
 G = Mean time per level.
                   A        B        C        D        E       F      G
               +--------+--------+--------+--------+--------+-----+--------+
         Total |   9146 |   8837 |    309 |      0 |   7621 |   9 | 1016.2 |
       Dungeon |   9146 |   8837 |    309 |      0 |   7621 |   9 | 1016.2 |
               +--------+--------+--------+--------+--------+-----+--------+

Top non-repeatable levels by time:
     D:8: 1823 daAuts
     D:5: 1400 daAuts
     D:4: 1152 daAuts
     D:2: 1112 daAuts
     D:1: 1107 daAuts
     D:6: 945 daAuts
     D:7: 931 daAuts
     D:3: 648 daAuts
     D:9: 24 daAuts
